 Dungeon Crawl Stone Soup version 0.30-a0-21-g5d08c37080 (webtiles) character file.

Game seed: 18232197373995462901

9892 Ijustatesigmund the Destroyer (level 11, -4/68 HPs)
             Began as a Gargoyle Earth Elementalist on Aug 24, 2022.
             Was a Believer of Cheibriados.
             Slain by an orc knight
             ... wielding a +0 glaive
              (34 damage)
             ... in a bailey.
             The game lasted 00:31:09 (13648 turns).

Ijustatesigmund the Destroyer (GrEE)               Turns: 13648, Time: 00:31:10

Health: -4/68      AC: 21    Str: 18    XL:     11   Next: 53%
Magic:  9/20       EV: 12    Int: 31    God:    Cheibriados [**....]
Gold:   488        SH:  5    Dex: 14    Spells: 12/22 levels left

rFire   . . .      SeeInvis .    z - +6 dire flail
rCold   . . .      Faith    .    (shield currently unavailable)
rNeg    + . .      Spirit   .    a - +0 troll leather armour
rPois   ∞          Reflect  +    l - +0 helmet
rElec   +          Harm     .    (no cloak)
rCorr   .          Rampage  .    u - +1 pair of gloves {Str+3}
Will    .....                    d - +0 pair of boots
Stlth   ++........               t - amulet of reflection
HPRegen 1.01/turn                q - +6 ring of intelligence
MPRegen 0.17/turn                E - +4 ring of protection

@: very slow
A: sickness immunity, AC +8, negative energy resistance 1, electricity
resistance, torment resistance 1, petrification resistance
a: Renounce Religion, Bend Time


You were in a bailey.
You worshipped Cheibriados.
Cheibriados was pleased with you.
You visited 2 branches of the dungeon, and saw 10 of its levels.
You also visited: Bailey.

You collected 488 gold pieces.

Inventory:

Hand Weapons
 c - a +6 flail of freezing
 h - a +4 flail
 z - a +6 dire flail (weapon)
Missiles
 y - 2 throwing nets
Armour
 a - a +0 troll leather armour (worn)
 d - a +0 pair of boots (worn)
 l - a +0 helmet (worn)
 u - a +1 pair of gloves of strength (worn)
 x - a +0 buckler
Magical Staves
 r - a staff of poison
 D - a staff of air
Jewellery
 n - a ring of fire
 q - a +6 ring of intelligence (left hand)
 t - an amulet of reflection (around neck)
 E - a +4 ring of protection (right hand)
 F - a ring of protection from fire
 G - a +6 ring of dexterity
 H - an amulet of the acrobat
Wands
 i - a wand of quicksilver (8)
 m - a wand of polymorph (10)
 s - a wand of flame (11)
Scrolls
 j - a scroll of immolation
 k - a scroll of fog
 p - 2 scrolls of blinking
Potions
 b - 4 potions of magic
 e - 2 potions of curing
 f - a potion of resistance
 g - 3 potions of flight
 o - a potion of brilliance
 v - a potion of lignification {unknown}
 w - a potion of mutation {unknown}
Miscellaneous
 B - a condenser vane (inert)


   Skills:
 - Level 7.7 Fighting
 + Level 4.5 Maces & Flails
 - Level 4.6 Armour
 + Level 2.7 Dodging
 - Level 2.1 Stealth
 - Level 3.7 Shields
 - Level 6.3 Spellcasting
 - Level 9.1 Conjurations
 + Level 5.6 Transmutations
 - Level 8.1 Earth Magic
 + Level 2.3 Invocations
 - Level 1.1 Evocations


You had 12 spell levels left.
You knew the following spells:

 Your Spells              Type           Power      Damage    Failure   Level
a - Sandblast             Erth           100%       2d20      1%          1
b - Stone Arrow           Conj/Erth      100%       3d13      1%          3
c - Passwall              Tmut/Erth      42%        N/A       1%          2
d - Petrify               Tmut/Erth      51%        N/A       3%          4

Your spell library contained the following spells:

 Spells                   Type           Power      Damage    Failure   Level
 Shock                    Conj/Air       100%       1d9       1%          1
 Fulminant Prism          Conj/Hex       19%        3d11      9%          4
 Animate Armour           Summ/Erth      70%        N/A       11%         4
 Blade Hands              Tmut           22%        N/A       16%         5
 Portal Projectile        Hex/Tloc       18%        N/A       17%         3
 Swiftness                Air            9%         N/A       17%         3
 Tukima's Dance           Hex            9%         N/A       17%         3
 Airstrike                Air            4%         2d(1-17)  50%         4
 Animate Dead             Necr           9%         N/A       50%         4
 Summon Forest            Summ/Tloc      4%         N/A       85%         5
 Disjunction              Tloc           4%         N/A       100%        8
 Lehudib's Crystal Spear  Conj/Erth      29%        10d8      100%        8
 Death's Door             Necr           4%         N/A       100%        9


Dungeon Overview and Level Annotations

Branches:
Dungeon (9/15)             Temple (1/1) D:5            Lair (0/5) D:8
    Orc (0/2) D:9          Bailey (1/1)

Altars:
Ashenzari
Cheibriados
Dithmenos
Elyvilon
Fedhas
Gozag
Hepliaklqana
Kikubaaqudgha
Makhleb
Nemelex Xobeh
Okawaru
Qazlal
Ru
Sif Muna
Trog
Uskayaw
Vehumet
Wu Jian
Xom
Yredelemnul
Zin
The Shining One


Innate Abilities, Weirdness & Mutations

You are immune to sickness and miasma.
Your stone body is resilient. (AC +8)
You are immune to poison.
You resist negative energy. (rN+)
You are resistant to electric shocks. (rElec)
You are resistant to unholy torment.
You are immune to petrification.


Message History

The bolt of dispelling energy misses the orc knight. x2
The orc knight barely misses you.
Clouds of noxious fumes condense around you!
The condenser dries out!
The orc knight is engulfed in noxious fumes.
The orc knight hits you from afar with a +0 glaive!!
* * * LOW HITPOINT WARNING * * *
Okay, then.
Okay, then.
Blink to where?
Press: ? - help, Dir - move target, p - orc knight
As you read the scroll of blinking, it crumbles to dust.
You start resting.
An orc knight is nearby!
Okay, then.
Okay, then.
Aiming: Throw Flame
Press: ? - help, Shift-Dir - straight line, f - orc knight
Aim: an orc knight, wielding a +0 glaive and wearing a +0 scale mail (translocational energy, moderately wounded, strong, 60% to hit)
The puff of flame hits the orc knight.
The orc knight is moderately wounded.
Aiming: Throw Flame
Press: ? - help, Shift-Dir - straight line, f/p - orc knight
Aim: an orc knight, wielding a +0 glaive and wearing a +0 scale mail (moderately wounded, strong, 60% to hit)
The puff of flame misses the orc knight.
The air fills with toxic fumes!
As you read the scroll of poison, it crumbles to dust.
The orc knight is engulfed in poison gas.
The orc knight is poisoned.
Found a gate leading back out of this place.
The orc knight is engulfed in poison gas.
The orc knight looks even sicker.
The orc knight is engulfed in poison gas.
The orc knight looks even sicker.
You feel better.
The orc knight is engulfed in poison gas.
The orc knight looks as sick as possible!
The orc knight hits you from afar with a +0 glaive!!
Ouch! That really hurt!
You die...

.....≈≈ ~~. ..⌠...§
~.## .⌠∩⌠..§ ~.∩#
...oo≈≈ ~~.# ≈≈≈≈.
.~§# ..o .§§#
###+###)#########§☼§#
#.....##)§.§§§o.@§§☼#
##.∩.##..§§§§§§§§§☼§#
.## ##..~§§§§§☼§§§§§#
..###).~~§§##########
~))...~~.§##
~~~~~~~..##
........## #########


You could see an orc knight (strong, extremely poisoned).

Vanquished Creatures
  2 deep elf pyromancers (D:7)
  The ghost of Nedwor the Cutter, a novice DsGl of Uskayaw (D:6)
  A manticore (D:7)
  An ugly thing (D:7)
  3 trolls
  3 wraiths
  A wyvern (D:9)
  8 yaks
  Menkaure (D:4)
  A water moccasin (D:7)
  2 ice beasts (D:6)
  9 orc warriors
  2 ogres
  A centaur (D:8)
  2 phantoms
  4 bullfrogs
  2 wyvern zombies (D:7)
  A gnoll sergeant (D:8)
  4 scorpions
  A necrophage (D:7)
  A water moccasin zombie (D:7)
  17 wights
  11 killer bees
  4 electric eels (D:8)
  2 howler monkeys (D:7)
  A bullfrog zombie (D:7)
  3 hounds
  3 jellies
  4 gnoll boudas
  5 orc priests
  4 iguanas
  7 orc wizards
  3 killer bee zombies (D:7)
  2 howler monkey zombies (D:7)
  32 gnolls
  10 adders
  2 shadow imps
  2 ufetubi
  3 worms
  4 dart slugs
  78 orcs
  4 bats
  7 endoplasms
  4 giant cockroaches
  9 hobgoblins
  5 quokkas
  A ball python (D:3)
  2 frilled lizards
  10 goblins
  9 kobolds
  2 rats (D:3)
301 creatures vanquished.

Vanquished Creatures (collateral kills)
  An orc wizard (D:4)
  A dart slug (D:3)
  3 orcs (D:4)
  A ball python (D:4)
6 creatures vanquished.

Vanquished Creatures (others)
  15 plants (D:8)
  2 withered plants (D:7)
17 creatures vanquished.

Grand Total: 324 creatures vanquished

Notes
Turn   | Place    | Note
-------+----------+-------------------------------------------
     0 | D:1      | Ijustatesigmund the Gargoyle Earth Elementalist began the
                  | quest for the Orb.
     0 | D:1      | Reached XP level 1. HP: 10/10 MP: 3/3
    85 | D:1      | Reached skill level 1 in Transmutations
    95 | D:1      | Reached XP level 2. HP: 15/15 MP: 0/5
  1024 | D:1      | Reached XP level 3. HP: 19/19 MP: 1/6
  1178 | D:1      | Learned a level 3 spell: Stone Arrow
  1181 | D:1      | Learned a level 2 spell: Passwall
  1262 | D:2      | Found a hide-covered altar of Uskayaw.
  1639 | D:2      | Reached skill level 1 in Fighting
  1639 | D:2      | Reached skill level 1 in Conjurations
  1639 | D:2      | Reached XP level 4. HP: 23/25 MP: 3/8
  2983 | D:3      | Reached XP level 5. HP: 30/30 MP: 6/9
  3021 | D:3      | Reached skill level 2 in Conjurations
  3055 | D:3      | Found an ornate altar of the Wu Jian Council.
  3217 | D:4      | Noticed an ogre
  3219 | D:4      | Killed an ogre
  3220 | D:4      | Reached skill level 1 in Maces & Flails
  3220 | D:4      | Reached XP level 6. HP: 36/36 MP: 3/11
  3226 | D:4      | Found an opulent altar of Gozag.
  3377 | D:4      | Noticed Menkaure
  3384 | D:4      | Killed Menkaure
  3385 | D:4      | Reached skill level 3 in Conjurations
  3450 | D:4      | Reached XP level 7. HP: 36/41 MP: 5/12
  3715 | D:5      | Entered Level 5 of the Dungeon
  4226 | D:5      | Reached skill level 4 in Conjurations
  4273 | D:5      | Found a staircase to the Ecumenical Temple.
  4566 | D:5      | Reached XP level 8. HP: 18/48 MP: 2/14
  5766 | D:3      | Reached skill level 1 in Armour
  5987 | D:4      | You fall into a shaft and drop 3 floors!
  5990 | D:7      | Noticed a troll
  6224 | D:7      | Reached skill level 5 in Spellcasting
  6224 | D:7      | Reached skill level 5 in Conjurations
  6930 | D:7      | Noticed a yak
  6931 | D:7      | Noticed a yak
  7145 | D:7      | Reached skill level 6 in Conjurations
  7150 | D:7      | Reached XP level 9. HP: 47/52 MP: 17/17
  7314 | D:7      | Learned a level 4 spell: Petrify
  7328 | D:7      | Found a glowing golden altar of the Shining One.
  7609 | D:7      | Found a radiant altar of Vehumet.
  8176 | D:6      | Reached skill level 5 in Fighting
  8176 | D:6      | Reached skill level 5 in Earth Magic
  8179 | D:6      | Reached skill level 7 in Conjurations
  9284 | D:6      | Found a large runed translucent door.
  9346 | D:6      | Found a large runed translucent door.
  9471 | D:6      | Reached XP level 10. HP: 22/60 MP: 9/19
 10031 | D:6      | Found a runed translucent door.
 10034 | D:6      | Noticed Nedwor's ghost (novice DsGl)
 10060 | D:6      | Killed Nedwor's ghost
 10061 | D:6      | Reached skill level 8 in Conjurations
 10070 | D:6      | Got Sif Muna's Codex of Baleful Death
 10186 | D:6      | Found a sacrificial altar of Ru.
 10195 | D:6      | Found a glowing silver altar of Zin.
 10289 | D:6      | Reached skill level 1 in Shields
 10959 | D:7      | Found an iron altar of Okawaru.
 11095 | D:7      | Found a runed translucent door.
 11223 | D:7      | Noticed a purple ugly thing
 11224 | D:7      | Noticed a deep elf pyromancer
 11224 | D:7      | Noticed a deep elf pyromancer
 11248 | D:7      | Noticed a manticore
 11252 | D:7      | Killed a deep elf pyromancer
 11540 | D:7      | Killed a purple ugly thing
 11654 | D:7      | Killed a manticore
 11655 | D:7      | Reached skill level 9 in Conjurations
 11655 | D:7      | Reached XP level 11. HP: 64/67 MP: 5/20
 11663 | D:7      | Identified the +2 robe of Nicemaf {rElec rPois Slay-3}
 11668 | D:7      | Killed a deep elf pyromancer
 11669 | D:7      | Reached skill level 5 in Transmutations
 11809 | D:7      | Got the Octavo of the Lithic Compass
 12495 | D:8      | Found a staircase to the Lair.
 12597 | D:8      | Reached skill level 1 in Evocations
 12930 | Temple   | Entered the Ecumenical Temple
 13018 | Temple   | Became a worshipper of Cheibriados the Contemplative
 13315 | D:9      | Reached skill level 1 in Invocations
 13331 | D:9      | Reached * piety under Cheibriados
 13354 | D:9      | Found a staircase to the Orcish Mines.
 13389 | D:9      | Found a flagged portal.
 13460 | Bailey   | Entered a bailey
 13619 | Bailey   | Noticed an orc knight
 13619 | Bailey   | Noticed an orc knight
 13621 | Bailey   | Noticed an orc knight
 13635 | Bailey   | Reached ** piety under Cheibriados
 13648 | Bailey   | Slain by an orc knight

Illustrated notes

Levels and vault maps discovered:
D:1:      lightli_molten_gateway, layout_basic
D:2:      cheibrodos_helix_gallery, layout_basic, basic_altar, glass_columns_b
D:3:      layout_rooms, nicolae_wu_jian_immortal_techniques,
          kennysheep_generic_room_7
D:4:      layout_rooms, overflow_temple_1_default, hangedman_decor_growths,
          uniq_menkaure
D:5:      layout_gridville, minmay_temple_entry_ruins,
          lightli_ossuary_entry_decrepit_ruins
D:6:      layout_basic, jmf_multi_god_temple2, ebering_ghost_inner_flame
D:7:      minmay_the_grid_triangle_9x9_recursive_2
          [minmay_the_grid_triangle_9x9_prize_schism,
          minmay_the_grid_triangle_9x9_subtriangle,
          minmay_the_grid_triangle_9x9_corrupted_corridor,
          minmay_the_grid_triangle_9x9_zippers_vertical], layout_rooms,
          okawaru_trees_2, mainiacjoe_overflow_24_doors, lemuel_crystal_altar,
          serial_undead, serial_undead_a, serial_undead_d, serial_undead_b,
          serial_undead_d, chequers_arboretum, grunt_ministairs_1
D:8:      layout_basic, lair_entry_dummy, special_room [special_room_orc],
          serial_bayou, serial_bayou_shore_a, serial_bayou_crossing,
          serial_bayou_pond_a, serial_bayou_ford_a
D:9:      layout_gridville, david_orc_5, enter_bailey_5
Temple:   regret_index_temple_generic_petals
Bailey:   bailey_polearm_1, bailey

Skill      XL: |  1  2  3  4  5  6  7  8  9 10 11 |
---------------+----------------------------------+-----
Transmutations | 1 3 4 5 |  5.6
Earth Magic    | 4 6 7 8 |  8.1
Fighting       | 1 2 3 4 5 7 |  7.7
Conjurations   | 1 2 3 4 6 7 9 |  9.1
Spellcasting   | 3 4 5 6 |  6.3
Maces & Flails | 1 2 3 4 |  4.5
Armour         | 4 |  4.6
Shields        | 3 |  3.7
Evocations     | 1 |  1.1
Dodging        | 2 |  2.7
Invocations    | 2 |  2.3
Stealth        | |  2.1

Action                   |  1- 3 |  4- 6 |  7- 9 | 10-12 || total
-------------------------+-------+-------+-------+-------++-------
Melee: Unarmed           |     5 |       |       |       ||     5
       Club              |    10 |    16 |       |       ||    26
       Whip              |       |    18 |       |       ||    18
       Mace              |       |     2 |       |       ||     2
       Flail             |       |     6 |   137 |       ||   143
       Punch             |       |       |     2 |       ||     2
       Dire flail        |       |       |    32 |   389 ||   421
 Cast: Sandblast         |    33 |    42 |    41 |     3 ||   119
       Stone Arrow       |       |     7 |    92 |    46 ||   145
Invok: Bend Time         |       |       |       |     1 ||     1
Evoke: Wand              |       |       |     5 |    14 ||    19
       Condenser vane    |       |       |       |     1 ||     1
  Use: Scroll            |       |     8 |     6 |     8 ||    22
       Potion            |       |     2 |     4 |     7 ||    13
 Stab: Sleeping          |       |       |     2 |       ||     2
       Invisible         |       |       |     1 |     3 ||     4
Armor: Robe              |    10 |    46 |    77 |       ||   133
       Leather armour    |       |       |    22 |    68 ||    90
       Troll leather arm |       |       |       |   268 ||   268
Dodge: Dodged            |    10 |    56 |   138 |   413 ||   617
Block: Other             |       |       |    45 |   148 ||   193

Table legend: (Time is in decaauts)
 A = Elapsed time spent in this place.
 B = Non-inter-level travel time spent in this place.
 C = Inter-level travel time spent in this place.
 D = Time resting spent in this place.
 E = Time spent auto-exploring this place.
 F = Levels seen in this place.
 G = Mean time per level.
                   A        B        C        D        E       F      G
               +--------+--------+--------+--------+--------+-----+--------+
         Total |  13942 |  13212 |    730 |   5148 |   5939 |  11 | 1267.5 |
       Dungeon |  13446 |  12761 |    685 |   5104 |   5618 |   9 | 1494.0 |
        Temple |    283 |    238 |     45 |      0 |    225 |   1 |  283.0 |
        Bailey |    211 |    211 |      0 |     44 |     96 |   1 |  211.0 |
               +--------+--------+--------+--------+--------+-----+--------+

Top non-repeatable levels by time:
     D:6: 2939 daAuts
     D:7: 2935 daAuts
     D:5: 2070 daAuts
     D:1: 1260 daAuts
     D:3: 1224 daAuts
     D:4: 1037 daAuts
     D:2: 945 daAuts
     D:8: 838 daAuts
  Temple: 283 daAuts
  Bailey: 211 daAuts
     D:9: 195 daAuts
